 Dungeon Crawl Stone Soup version 0.30.0-20-g3615ddf2f0 (webtiles) character file.

Game seed: 16543068746210859063

91 qw the Chopper (level 4, 0/28 HPs)
             Began as a Gargoyle Fighter on May 27, 2023.
             Slain by an orc wizard
             ... wielding a +0 dagger
              (3 damage)
             ... on level 3 of the Dungeon.
             The game lasted 00:00:48 (1760 turns).

qw the Chopper (Gargoyle Fighter)                   Turns: 1760, Time: 00:00:48

Health: 0/28       AC: 10    Str: 21    XL:     4   Next: 59%
Magic:  4/4        EV:  9    Int:  9    God:
Gold:   166        SH:  0    Dex:  9    Spells: 3/3 levels left

rFire   . . .        Y - +1 war axe
rCold   . . .        c - +0 buckler
rNeg    + . .        b - +0 scale mail
rPois   inf          (no helmet)
rElec   +            (no cloak)
rCorr   .            (no gloves)
SInv    .            (no boots)
Will    .....        (no amulet) Stlth
                     (no ring)
HPRegen 0.24/turn    (no ring)
MPRegen 0.09/turn

%: no passive effects
@: confused
A: sickness immunity, AC +3, negative energy resistance 1, electricity
resistance, torment resistance 1, petrification resistance
a: no special abilities


You were on level 3 of the Dungeon.
You visited 1 branch of the dungeon, and saw 3 of its levels.

You collected 166 gold pieces.


Innate Abilities, Weirdness & Mutations

You are immune to sickness and miasma.
Your stone body is resilient. (AC +3)
You are immune to poison.
You resist negative energy. (rN+)
You are resistant to electric shocks. (rElec)
You are resistant to unholy torment.
You are immune to petrification.


   Skills:
 - Level 3.2 Fighting
 + Level 4.2 Axes
 - Level 3.2 Armour
 - Level 3.2 Shields


You had 3 spell levels left.
You didn't know any spells.
Your spell library was empty.

Inventory:

Hand Weapons
 g - a +0 whip
 Y - a +1 war axe (weapon)
Missiles
 j - 3 boomerangs (quivered)
Armour
 b - a +0 scale mail (worn)
 c - a +0 buckler (worn)
 e - a +0 pair of boots
 f - the +0 helmet of Dukholur {-Tele rN+ Int+3}
   (You took it off Robin on level 2 of the Dungeon)

   Int:       It affects your intelligence (+3).
   rN:        It protects you from negative energy.
   -Tele:     It prevents most forms of teleportation.
Scrolls
 a - a scroll of identify
 h - a scroll of teleportation
Potions
 d - a potion of might
 m - a potion of lignification {unknown}

Dungeon Overview and Level Annotations

Branches:
Dungeon (3/15)

Altars:
Qazlal


Message History

You feel a bit more experienced.
The orc wizard points at you and mumbles some strange words.
You are confused.
The orc wizard mumbles some strange words.
The orc wizard flickers and vanishes!
Deactivating autopickup; reactivate with Ctrl-A.
You bump into the rock wall.
You closely miss something. Something hits you but does no damage.
You bump into the rock wall.
You feel less confused. Something hits you but does no damage.
You barely miss something. Something hits you.
You closely miss something. Something hits you but does no damage.
You hear some strange, mumbled words.
A magic dart appears from out of thin air!
The magic dart hits you!
You barely miss something. Something hits you but does no damage.
You barely miss something. Something hits you but does no damage.
You hit something.
A giant cockroach comes into view.
You hear some strange, mumbled words.
A magic dart appears from out of thin air!
The magic dart hits you. You block something's attack.
The giant cockroach moves out of view.
You miss something. Something hits you but does no damage.
You miss something.
You hear some strange, mumbled words.
You are confused.
You miss something. Something hits you. x2
Something hits you but does no damage. Something hits you but does no damage.
Something hits you.
You die...

.#.# #... #..#
#.># .####
#B.####.# ...#
#.)...[.# . #.###
#)# . #...# #{# ..
#.#.## #@# ..
#....###.# ...
#.#......#
...######.##.#####
.>...........#
###...########
###.# #.# #.#


You could see a giant cockroach.

Vanquished Creatures
  An orc wizard (D:3)
  Robin (D:2)
  An adder (D:2)
  A dart slug (D:1)
  3 orcs (D:3)
  5 endoplasms
  A giant cockroach (D:2)
  10 goblins
  5 hobgoblins
  3 kobolds
  2 quokkas (D:1)
  2 ball pythons (D:1)
  5 bats
  5 rats
45 creatures vanquished.

Notes
Turn   | Place    | Note
-------+----------+-------------------------------------------
     0 | D:1      | qw the Gargoyle Fighter began the quest for the Orb.
     0 | D:1      | Reached XP level 1. HP: 14/14 MP: 1/1
     0 | D:1      | 0 ||| qw: Version: 0.2-a-99-gce666ed
     0 | D:1      | 0 ||| qw: Game counter: 178
     0 | D:1      | 0 ||| qw: Always use a shield: true
     0 | D:1      | 0 ||| qw: God list: Okawaru
     0 | D:1      | 0 ||| qw: Allow faded altars: false
     0 | D:1      | 0 ||| qw: Do Orc after D:15 true
     0 | D:1      | 0 ||| qw: Do second Lair branch before Depths: true
     0 | D:1      | 0 ||| qw: Lair rune preference: random
     0 | D:1      | 0 ||| qw: Plans: Normal, Zot:1-4, God:TSO, Crypt, Tomb,
                  | Pan, Slime:5, Hells, Abyss, Win
     0 | D:1      | 0 ||| PLANNING D:1-11
   102 | D:1      | 102 ||| Stepping ~*~*~tactically~*~*~ (stealth).
   108 | D:1      | Reached skill level 2 in Axes
   239 | D:1      | Reached XP level 2. HP: 17/19 MP: 2/2
   275 | D:1      | 275 ||| Stepping ~*~*~tactically~*~*~ (hiding).
   528 | D:1      | Reached skill level 3 in Axes
   725 | D:1      | Found a faded altar of an unknown god.
   757 | D:1      | Reached XP level 3. HP: 22/23 MP: 3/3
   820 | D:1      | 820 ||| DROPPING ring of wizardry.
   821 | D:1      | 821 ||| READING 2 scrolls labelled EXTOACEENT.
   822 | D:1      | 822 ||| READING scroll labelled IPTA YLOMICSU.
   823 | D:1      | 823 ||| READING scroll labelled ZEKHET OREERI.
   827 | D:1      | 827 ||| DRINKING 2 cyan potions.
   828 | D:1      | 828 ||| DROPPING potion of flight.
   861 | D:2      | Identified the +0 helmet of Dukholur {-Tele rN+ Int+3}
   861 | D:2      | Noticed Robin
   863 | D:2      | 863 ||| Stepping ~*~*~tactically~*~*~ (hiding).
   877 | D:2      | Killed Robin
  1090 | D:2      | Reached XP level 4. HP: 25/28 MP: 4/4
  1233 | D:2      | Identified the +6 falchion of the Warrior {drain, Str+2}
  1552 | D:2      | 1552 ||| DROPPING ring of magical power.
  1553 | D:2      | 1553 ||| READING scroll labelled RIBIAFI DYIMEA.
  1574 | D:2      | 1574 ||| READING 3 scrolls of identify.
  1574 | D:2      | 1574 ||| IDENTIFYING fizzy yellow potion
  1575 | D:2      | 1575 ||| READING 2 scrolls of identify.
  1575 | D:2      | 1575 ||| IDENTIFYING black potion
  1576 | D:2      | 1576 ||| DROPPING potion of berserk rage.
  1602 | D:3      | Found a stormy altar of Qazlal.
  1602 | D:3      | Noticed a water elemental
  1617 | D:3      | Noticed an earth elemental
  1618 | D:3      | Noticed a fire elemental
  1618 | D:3      | Noticed an air elemental
  1719 | D:3      | 1719 ||| Stepping ~*~*~tactically~*~*~ (hiding).
  1725 | D:3      | Reached skill level 4 in Axes
  1730 | D:3      | 1730 ||| FLEEEEING.
  1738 | D:3      | HP: 5/28 [orc wizard/puff of flame (5)]
  1739 | D:3      | 1739 ||| DRINKING potion of heal wounds.
  1754 | D:3      | HP: 4/28 [something/magic dart (6)]
  1760 | D:3      | Slain by an orc wizard

Levels and vault maps discovered:
D:1:      matt_arrival_refuge, layout_basic, chequers_ecumenical_altar_grove,
          minmay_pentomino_x2
D:2:      layout_loops_ring, uniq_robin
D:3:      corexii_shack_village, layout_loops_corners,
          nicolae_qazlal_style_of_elements, general_overflow_altar,
          mrwooster_statue_mirror

Skill      XL: |  1  2  3  4 |
---------------+-------------+-----
Axes           | 2 3 4 |  4.2
Fighting       | |  3.2
Armour         | |  3.2
Shields        | |  3.2

Action                     |  1- 3 |  4- 6 || total
---------------------------+-------+-------++-------
  Melee: War axe           |    83 |    24 ||   107
  Throw: Boomerang         |    12 |     6 ||    18
    Use: Scroll            |     3 |     3 ||     6
         Potion            |     1 |     1 ||     2
 Armour: Scale mail        |    34 |    16 ||    50
  Dodge: Dodged            |    33 |     5 ||    38
  Block: Buckler           |    17 |     2 ||    19

Table legend:
 A = Non-vault XP
 B = Vault XP
 C = Vault XP percentage of total XP
 D = Non-vault monster count
 E = Vault monster count
 F = Vault count percentage of total count
                 A         B        C        D         E       F
            +---------+---------+-------+---------+---------+-------
      Total |      95 |      36 |  27.5 |      33 |      12 |  26.7
            +---------+---------+-------+---------+---------+-------
        D:1 |      38 |       1 |   2.6 |      21 |       1 |   4.5
        D:2 |      21 |      35 |  62.5 |       6 |      11 |  64.7
        D:3 |      36 |       0 |   0.0 |       6 |       0 |   0.0
            +---------+---------+-------+---------+---------+-------
